 Dungeon Crawl Stone Soup version 0.26-a0-652-gafc20e3620 (webtiles) character file.

Game seed: 5037096451515104858

194 Forecaster the Slasher (level 5, -1/50 HPs)
             Began as a Naga Berserker on Oct 1, 2020.
             Was a Follower of Trog.
             Slain by Crazy Yiuf
             ... wielding a +2 quarterstaff of chaos
              (7 damage)
             ... on level 2 of the Dungeon.
             The game lasted 00:07:21 (1315 turns).

Forecaster the Slasher (Naga Berserker)             Turns: 1315, Time: 00:07:21

Health: -1/50      AC:  4    Str: 20    XL:     5   Next: 73%
Magic:  5/5        EV:  9    Int:  7    God:    Trog [*.....]
Gold:   50         SH:  0    Dex: 11    Spells: 4/4 levels left

rFire    . . .     SeeInvis +   a - +0 falchion
rCold    . . .     Faith    .   (no shield)
rNeg     . . .     Spirit   .   h - +0 ring mail (curse)
rPois    +         Reflect  .   (no helmet)
rElec    .         Harm     .   (no cloak)
rCorr    .         Rampage  .   (no gloves)
MR       .....                  (no barding)
Stlth    +.........             (no amulet)
HPRegen  0.16/turn              (no ring)
MPRegen  0.09/turn              (no ring)

@: very slow
A: large, see invisible, deformed body, poison resistance, slowness 2, spit
poison 1, AC +1
a: Spit Poison, Berserk, Renounce Religion


You were on level 2 of the Dungeon.
You worshipped Trog.
Trog was aware of your devotion.
You visited 1 branch of the dungeon, and saw 2 of its levels.

You collected 50 gold pieces.

Inventory:

Hand Weapons
 a - a +0 falchion (weapon)
 d - a +0 scythe
 m - a +0 dagger
 s - a +0 mace
Missiles
 i - 113 stones (quivered)
 n - 10 bolts
 q - 18 poisoned darts
 t - 6 boomerangs
Armour
 b - a +0 animal skin
 e - a +0 scale mail
 g - a cursed +0 chain mail
 h - a cursed +0 ring mail (worn)
 l - a +0 ring mail
 r - a +0 leather armour
Scrolls
 c - a scroll of teleportation {unknown}
 f - 6 scrolls of remove curse {unknown}
 j - 3 scrolls of identify {unknown}
 k - a scroll of enchant armour {unknown}
 o - a scroll of enchant weapon {unknown}
 u - a scroll of blinking {unknown}
Potions
 p - a potion of berserk rage {unknown}


   Skills:
 + Level 3.8 Fighting
 + Level 4.6 Long Blades
 + Level 2.8 Armour
 + Level 2.0 Dodging
 + Level 0.3 Stealth


You had 4 spell levels left.
You didn't know any spells.
Your spell library was empty.

Dungeon Overview and Level Annotations

Branches:
Dungeon (2/15)

Altars:
Cheibriados
Vehumet

Annotations:
D:2 Crazy Yiuf


Innate Abilities, Weirdness & Mutations

You cannot wear boots.
Your serpentine skin is tough. (AC +1)
You have supernaturally acute eyesight. (SInv)
Armour fits poorly on your strangely shaped body.
Your system is resistant to poisons. (rPois)
You cover ground very slowly.
You can spit poison.


Message History

Crazy Yiuf hits you with a +2 quarterstaff of chaos.
Crazy Yiuf burns you.
There is an open translucent door here.
You closely miss Crazy Yiuf.
Crazy Yiuf waves his quarterstaff at you.
Crazy Yiuf zaps a wand.
The puff of flame hits you!
You hit Crazy Yiuf.
Crazy Yiuf is lightly wounded.
Crazy Yiuf hits you with a +2 quarterstaff of chaos.
You closely miss Crazy Yiuf.
Crazy Yiuf is lightly wounded.
You hit Crazy Yiuf.
Crazy Yiuf is moderately wounded.
Crazy Yiuf hits you with a +2 quarterstaff of chaos!
You are electrocuted!
* * * LOW HITPOINT WARNING * * *
Your ring mail prevents you from hitting Crazy Yiuf.
Crazy Yiuf is moderately wounded.
Crazy Yiuf hits you with a +2 quarterstaff of chaos!
You die...

#.#.#.......
#.#.#.####.. #.#.#.#
##. #####.# #. ### #.
#############. ####
###.#....>......
#...##..#........####
#..g@.####.......####
#)..### ##........##
#### #####..#.##
#...#.## ###.....
########## ###.##
#........##### #.##
#.####.......# #...
#.# #...###.# ####


You could see Crazy Yiuf.

Vanquished Creatures
  Sigmund (D:2)
  An ooze (D:1)
  A dart slug (D:1)
  3 bats
  A giant cockroach (D:2)
  2 goblins
  3 hobgoblins (D:1)
  A kobold (D:1)
  2 frilled lizards (D:1)
  4 rats
19 creatures vanquished.

Notes
Turn   | Place    | Note
-------+----------+-------------------------------------------
     0 | D:1      | Forecaster the Naga Berserker began the quest for the Orb.
     0 | D:1      | Reached XP level 1. HP: 21/21 MP: 1/1
   105 | D:1      | Reached XP level 2. HP: 8/28 MP: 2/2
   909 | D:2      | Found a radiant altar of Vehumet.
   909 | D:2      | Found a snail-covered altar of Cheibriados.
  1055 | D:2      | Reached XP level 3. HP: 34/34 MP: 3/3
  1060 | D:2      | Noticed Sigmund
  1089 | D:2      | Killed Sigmund
  1089 | D:2      | Reached skill level 4 in Long Blades
  1089 | D:2      | Reached XP level 4. HP: 18/44 MP: 4/4
  1089 | D:2      | Reached XP level 5. HP: 21/50 MP: 5/5
  1305 | D:2      | Found a runed translucent door.
  1306 | D:2      | Noticed Crazy Yiuf
  1315 | D:2      | Slain by Crazy Yiuf

Illustrated notes

Levels and vault maps discovered:
D:1:      tarquinn_simple_flora_water_a, layout_loops_ring
D:2:      layout_loops_cross, gammafunk_temple_overflow_elements,
          uniq_crazy_yiuf_cottage, uniq_sigmund

Skill      XL: |  1  2  3 |
---------------+----------+-----
Long Blades    | 4 |  4.6
Armour         | 2 |  2.8
Dodging        | 2 |  2.0
Fighting       | |  3.8
Stealth        | |  0.3

Action                   |  1- 3 |  4- 6 || total
-------------------------+-------+-------++-------
Melee: Falchion          |    68 |     6 ||    74
  Use: Potion            |     2 |       ||     2
Armor: Scale mail        |    12 |       ||    12
       Ring mail         |     6 |     1 ||     7
Dodge: Dodged            |    36 |     4 ||    40
       Rpst.: Falchion   |     9 |     1 ||    10

Table legend: (Time is in decaauts)
 A = Elapsed time spent in this place.
 B = Non-inter-level travel time spent in this place.
 C = Inter-level travel time spent in this place.
 D = Time resting spent in this place.
 E = Time spent auto-exploring this place.
 F = Levels seen in this place.
 G = Mean time per level.
                   A        B        C        D        E       F      G
               +--------+--------+--------+--------+--------+-----+--------+
         Total |   1618 |   1617 |      1 |    289 |    473 |   2 |  809.0 |
       Dungeon |   1618 |   1617 |      1 |    289 |    473 |   2 |  809.0 |
               +--------+--------+--------+--------+--------+-----+--------+

Top non-repeatable levels by time:
     D:1: 1092 daAuts
     D:2: 525 daAuts
